 Dungeon Crawl Stone Soup version 0.27.0-1-g7a089689b8 (webtiles) character file.

Game seed: 16127514962268429281

177 ZombieSheep the Vandal (level 5, 0/27 HPs)
             Began as a Spriggan Hunter on Aug 1, 2021.
             Killed from afar by Ijyb (19 damage)
             ... with an iceblast
             ... on level 3 of the Dungeon.
             The game lasted 00:05:45 (2975 turns).

ZombieSheep the Vandal (Spriggan Hunter)            Turns: 2975, Time: 00:05:45

Health: 0/27       AC:  5    Str:  8    XL:     5   Next: 30%
Magic:  6/6        EV: 18    Int: 12    God:
Gold:   154        SH:  0    Dex: 17    Spells: 4/4 levels left

rFire    . . .     SeeInvis +   a - +1 hunting sling
rCold    . . .     Faith    .   (shield restricted)
rNeg     . . .     Spirit   .   c - +0 robe
rPois    .         Reflect  .   m - +0 hat
rElec    .         Harm     .   i - +2 cloak
rCorr    .         Rampage  .   (gloves unavailable)
Will     .....                  (boots unavailable)
Stlth    +++.......             (no amulet)
HPRegen  0.09/turn              (no ring)
MPRegen  0.10/turn              (no ring)

@: very quick
A: very small, no large weapons, unfitting armour, see invisible, speed 3
a: no special abilities


You were on level 3 of the Dungeon.
You visited 1 branch of the dungeon, and saw 5 of its levels.

You collected 154 gold pieces.

Inventory:

Hand Weapons
 a - a +1 hunting sling (weapon)
 b - a +0 short sword
Missiles
 d - 41 sling bullets (quivered ammo)
Armour
 c - a +0 robe (worn)
 i - a +2 cloak (worn)
 m - a +0 hat (worn)
Wands
 n - a wand of flame (7)
Scrolls
 e - a scroll of enchant armour
 f - 2 scrolls of identify
 g - 2 scrolls of blinking
 j - 2 scrolls of amnesia
Potions
 h - a potion of flight
 l - a potion of mutation {unknown}


   Skills:
 + Level 2.4 Fighting
 + Level 2.2 Short Blades
 + Level 5.6 Slings
 + Level 4.0 Dodging
 + Level 3.8 Stealth


You had 4 spell levels left.
You didn't know any spells.
Your spell library contained the following spells:

 Spells                   Type           Power      Damage    Failure   Level
 Sublimation of Blood     Necr           0%         N/A       45%         2
 Wereblood                Tmut           0%         N/A       45%         2
 Summon Hydra             Summ           0%         N/A       100%        7


Dungeon Overview and Level Annotations

Branches:
Dungeon (5/15)
 Temple: D:4-7

Altars:

Annotations:
D:3 Ijyb


Innate Abilities, Weirdness & Mutations

You are very small and have problems with some larger weapons.
You are too small for most types of armour.
You have supernaturally acute eyesight. (SInv)
You cover ground extremely quickly. (Speed+++)


Message History

There is an open door here.
You now have 144 gold pieces (gained 11).
Found a faded altar of an unknown god.
You now have 154 gold pieces (gained 10).
Ijyb the Twisted Goblin comes into view.
She is wielding a +0 dagger of speed and carrying a wand of iceblast (12).
a - a +1 hunting sling (weapon)
You shoot a sling bullet.
The sling bullet hits Ijyb but does no damage.
Ijyb shouts!
You shoot a sling bullet.
The sling bullet hits Ijyb but does no damage.
You shoot a sling bullet. The sling bullet hits Ijyb.
Ijyb is lightly wounded.
You shoot a sling bullet.
The sling bullet hits Ijyb but does no damage.
Ijyb is lightly wounded.
Ijyb hits you with a +0 dagger of speed.
You shoot a sling bullet.
The sling bullet hits Ijyb but does no damage.
Ijyb is lightly wounded.
Ijyb hits you with a +0 dagger of speed.
You shoot a sling bullet. The sling bullet barely misses Ijyb.
Ijyb closely misses you. Ijyb barely misses you.
You shoot a sling bullet. The sling bullet hits Ijyb!
Ijyb is heavily wounded.
Ijyb closely misses you.
You shoot a sling bullet.
The sling bullet hits Ijyb but does no damage.
Ijyb is heavily wounded.
Ijyb barely misses you.
You shoot a sling bullet. The sling bullet hits Ijyb.
Ijyb is heavily wounded.
You shoot a sling bullet. The sling bullet hits Ijyb.
Ijyb is heavily wounded.
You shoot a sling bullet.
The sling bullet hits Ijyb but does no damage.
Ijyb is heavily wounded.
Ijyb zaps a wand.
The mass of ice explodes!
The iceblast engulfs you!!
Ouch! That really hurt!
You die...

....#♣.♣.♣.♣.♣.♣.♣.♣.....#
....'.♣...♣...♣...♣......#
....##.♣.♣.♣.♣.♣.♣.......#
..#.##.############.####.#
..#.##.# ##.. ..##.# #.#
..#.##.# ##.#####.#.# #.#
#.#.##.###.#.....#..# #.#
.#.##.##.........#.## #.#
###.##.#.#......@..#.###.#
..#.##..#...........#.##.#
..#.##..#.....≈≈..g.#.##.#
..#.###.#....≈._≈..((..#.#
..#.# #.#.....≈≈....#....#
..#.# #.#...........#.##(#
..#.# ##.#.........#.## (#
#.#.# ##.........#.## (#
....# ##.#.....#.## (#


You could see Ijyb.

Vanquished Creatures
  Jessica (D:2)
  Natasha (thrice) (D:2)
  Robin (D:3)
  An adder (D:3)
  2 dart slugs (D:3)
  3 ball pythons
  A bat (D:1)
  5 endoplasms
  A giant cockroach (D:2)
  8 hobgoblins
  2 jackals (D:1)
  A quokka (D:1)
  3 frilled lizards
  14 goblins
  3 kobolds
  3 rats
52 creatures vanquished.

Vanquished Creatures (others)
  11 plants (D:1)
11 creatures vanquished.

Grand Total: 63 creatures vanquished

Notes
Turn   | Place    | Note
-------+----------+-------------------------------------------
     0 | D:1      | ZombieSheep the Spriggan Hunter began the quest for the
                  | Orb.
     0 | D:1      | Reached XP level 1. HP: 10/10 MP: 2/2
   222 | D:1      | Reached XP level 2. HP: 15/15 MP: 3/3
   361 | D:1      | Reached skill level 5 in Slings
   901 | D:1      | Reached skill level 1 in Short Blades
  1296 | D:2      | Noticed Natasha
  1298 | D:2      | Noticed a crimson imp
  1339 | D:2      | Killed Natasha
  1340 | D:2      | Reached XP level 3. HP: 1/18 MP: 4/4
  1777 | D:2      | Noticed Jessica
  1782 | D:2      | Killed Jessica
  1783 | D:2      | Reached XP level 4. HP: 23/23 MP: 5/5
  1899 | D:2      | Noticed Natasha
  1903 | D:2      | Killed Natasha
  2157 | D:2      | Noticed Natasha
  2165 | D:2      | Killed Natasha
  2257 | D:3      | You fall into a shaft and drop 2 floors!
  2257 | D:5      | Entered Level 5 of the Dungeon
  2357 | D:3      | Reached XP level 5. HP: 26/27 MP: 6/6
  2483 | D:3      | Noticed Robin
  2512 | D:3      | Killed Robin
  2920 | D:3      | Found a faded altar of an unknown god.
  2956 | D:3      | Noticed Ijyb
  2975 | D:3      | Killed from afar by Ijyb

Illustrated notes

Levels and vault maps discovered:
D:1:      wander_arrival_fairy_ring, layout_basic, serial_bayou_lake_a
D:2:      layout_basic, minmay_stone_trees_small, uniq_jessica, uniq_natasha
D:3:      layout_basic, shapermc_ecumenical_altar_starsandcircs,
          kennysheep_crisscross, minmay_fractal_squares_gapless_5, uniq_robin,
          uniq_ijyb
D:4:      layout_rooms, minmay_temple_entry_arrows, minmay_misc_feat_five,
          uniq_pikel
D:5:      layout_basic, lemuel_doored_altar, nicolae_ossuary_entry_monument,
          uniq_menkaure

Skill      XL: |  1  2  3  4  5 |
---------------+----------------+-----
Stealth        | 2 3 |  3.8
Slings         | 5 |  5.6
Dodging        | 3 4 |  4.0
Short Blades   | 1 2 |  2.2
Fighting       | 2 |  2.4

Action                   |  1- 3 |  4- 6 || total
-------------------------+-------+-------++-------
Melee: Short sword       |    94 |    38 ||   132
 Fire: Hunting sling     |    34 |    58 ||    92
  Use: Scroll            |     4 |     2 ||     6
 Stab: Sleeping          |     3 |     2 ||     5
Armor: Robe              |    14 |    12 ||    26
Dodge: Dodged            |    81 |    40 ||   121
